 Dungeon Crawl Stone Soup version 0.22.1-1-ga44c0e5 (webtiles) character file.

54842 brandon the Eclecticist (level 14, -15/86 HPs)
             Began as a Deep Elf Fire Elementalist on Oct 7, 2018.
             Was a High Priest of Vehumet.
             Shot with an arrow by Nessos (25 damage)
             ... on level 6 of the Lair of Beasts.
             The game lasted 01:20:38 (22350 turns).

brandon the Eclecticist (DEFE)                     Turns: 22350, Time: 01:20:39

Health: -15/86     AC:  5    Str:  7    XL:     14   Next: 36%
Magic:  39/44      EV: 15    Int: 37    God:    Vehumet [*****.]
Gold:   884        SH:  0    Dex: 13    Spells: 10/43 levels left

rFire    + + .     SeeInvis .   B - +3 hand axe of Precise Incision {pain, +Fly rF+ Int+7}
rCold    + . .     Gourm    .   (no shield)
rNeg     . . .     Faith    +   T - +1 robe {MR+}
rPois    +         Spirit   .   (no helmet)
rElec    +         Reflect  .   f - scarf {rC+ rF+}
rCorr    .         Harm     .   C - +0 pair of gloves
MR       ++...                  D - +0 pair of boots
Stlth    ++........             z - amulet of Catam {Faith rElec Str+2}
HPRegen  0.64/turn              k - ring of magical power
MPRegen  0.29/turn              P - ring of poison resistance

@: lethally poisoned (-15 -> -30), about to teleport
A: clever 2, clumsy 1, regeneration 1
a: Renounce Religion, Evoke Flight


You were on level 6 of the Lair of Beasts.
You worshipped Vehumet.
Vehumet was extremely pleased with you.
You were not hungry.

You visited 3 branches of the dungeon, and saw 18 of its levels.
You also visited: Ossuary and Ice Cave.

You collected 1004 gold pieces.
You spent 120 gold pieces at shops.

Inventory:

Hand Weapons
 B - the +3 hand axe of Precise Incision (weapon) {pain, +Fly rF+ Int+7}
   (You found it on level 7 of the Dungeon)

   In the hands of one skilled in necromantic magic, it inflicts extra damage on
   living creatures.
   It affects your intelligence (+7).
   It protects you from fire.
   It lets you fly.
Armour
 f - a scarf of resistance (worn)
 C - a +0 pair of gloves (worn)
 D - a +0 pair of boots (worn)
 N - a +1 robe of cold resistance
 S - a +2 cloak of poison resistance
 T - a +1 robe of magic resistance (worn)
Jewellery
 h - an uncursed ring of protection from cold
 k - a ring of magical power (left hand)
 o - an uncursed ring of protection from fire
 z - the amulet of Catam (around neck) {Faith rElec Str+2}
   (You acquired it in an ice cave)

   [amulet of faith]

   It allows you to gain divine favour quickly.
   It affects your strength (+2).
   It insulates you from electricity.
 P - a ring of poison resistance (right hand)
Wands
 b - a wand of flame (57)
 d - a wand of iceblast (16)
 u - a wand of disintegration (10)
 x - a wand of clouds (6)
 H - a wand of paralysis (12)
 M - a wand of enslavement (26)
 O - a wand of scattershot (2)
 Q - a wand of random effects (32)
Scrolls
 a - a scroll of fear
 e - 4 scrolls of teleportation
 i - a scroll of amnesia
 j - 3 scrolls of enchant weapon
 p - 4 scrolls of identify
 t - 4 scrolls of magic mapping
 v - 7 scrolls of remove curse
 y - 4 scrolls of enchant armour
 F - 2 scrolls of fog
 I - a scroll of blinking {unknown}
 K - a scroll of summoning {unknown}
Potions
 g - 7 potions of flight
 l - 7 potions of curing
 m - a potion of brilliance
 n - 7 potions of heal wounds
 q - 4 potions of haste
 r - a potion of agility
 s - 2 potions of berserk rage
 w - a potion of might
 A - a potion of cancellation {unknown}
 E - a potion of magic
 G - 2 potions of mutation
 L - 4 potions of resistance
Miscellaneous
 J - a phial of floods
Comestibles
 c - 28 rations


   Skills:
 + Level 9.3 Fighting
 + Level 1.8 Armour
 - Level 5.4 Dodging
 - Level 2.4 Stealth
 * Level 15.1 Spellcasting
 * Level 14.0 Conjurations
 - Level 10.9 Fire Magic
 * Level 8.7 Ice Magic
 - Level 7.4 Evocations


You had 10 spell levels left.
You knew the following spells:

 Your Spells              Type           Power        Failure   Level  Hunger
a - Flame Tongue          Conj/Fire      #####        0%          1    None
b - Throw Flame           Conj/Fire      ######       0%          2    None
c - Conjure Flame         Conj/Fire      #######.     0%          3    None
d - Sticky Flame          Conj/Fire      #######.     1%          4    None
e - Fireball              Conj/Fire      #######...   1%          5    None
f - Bolt of Cold          Conj/Ice       #######...   1%          6    None
g - Freezing Cloud        Conj/Ice/Air   ######....   2%          6    None
h - Ozocubu's Refrigerat  Ice            #######...   1%          6    None

Your spell library contained the following spells:

 Spells                   Type           Power        Failure   Level  Hunger
 Conjure Ball Lightning   Conj/Air       ######....   3%          6    None
 Corona                   Hex            ####...      1%          1    None
 Ensorcelled Hibernation  Hex/Ice        ######       1%          2    None
 Dazzling Spray           Conj/Hex       ######       1%          3    None
 Ignite Poison            Fire/Tmut/Pois ######..     1%          3    None
 Inner Flame              Hex/Fire       ######..     1%          3    None
 Ozocubu's Armour         Chrm/Ice       ######..     1%          3    None
 Static Discharge         Conj/Air       ######..     1%          3    None
 Lightning Bolt           Conj/Air       ######....   1%          5    None
 Ice Form                 Ice/Tmut       ######..     2%          4    None
 Confuse                  Hex            ####....     3%          3    None
 Tukima's Dance           Hex            ####....     3%          3    None
 Metabolic Englaciation   Hex/Ice        ######....   6%          5    None
 Petrify                  Tmut/Erth      ####....     13%         4    None
 Ignition                 Fire           #######...   24%         8    #####..
 Simulacrum               Ice/Necr       ######....   32%         6    None
 Shatter                  Erth           ####......   100%        9    #######
 Tornado                  Air            ####......   100%        9    #######


Dungeon Overview and Level Annotations

Branches:
Dungeon (11/15)            Temple (1/1) D:7            Lair (6/6) D:11
 Shoals (0/4) Lair:2        Snake (0/4) Lair:3        Slime (0/5) Lair:6
    Orc: D:9-12

Altars:
Ashenzari
Cheibriados
Dithmenos
Elyvilon
Fedhas
Gozag
Hepliaklqana
Kikubaaqudgha
Makhleb
Nemelex Xobeh
Okawaru
Qazlal
Ru
Sif Muna
Trog
Uskayaw
Vehumet
Wu Jian
Xom
Yredelemnul
Zin
The Shining One
Jiyva

Shops:
D:4 (!(=

Annotations:
D:7 2 transporters, SaintRoka's ghost, novice GnIE
Lair:1 brandon's ghost, novice DEFE
Lair:2 exclusion: oklob plant
Lair:6 exclusion: oklob plant, Nessos


Innate Abilities, Weirdness & Mutations

Your mind is very acute. (Int +4)
You are clumsy. (Dex -2)
Your natural rate of healing is unusually fast.


Message History

Nessos is engulfed in freezing vapours.
Nessos shoots an arrow.
The arrow hits you!!
* * * LOW HITPOINT WARNING * * *
The arrow burns you.
You are poisoned.
* * * LOW HITPOINT WARNING * * *
You feel very sick.
Nessos is engulfed in freezing vapours.
Nessos shoots an arrow.
The arrow hits you!
* * * LOW HITPOINT WARNING * * *
You see here an arrow.
Unknown command.
Okay, then.
As you read the scroll of teleportation, it crumbles to dust.
You feel strangely unstable.
* * * LOW HITPOINT WARNING * * *
You feel very sick.
Nessos is engulfed in freezing vapours.
Nessos shoots an arrow.
The arrow hits you!!
You die...

##.###.......).........##
# #..#
#..#..........(...# #
##..####..........§.....#
###....#
#....###.§§c....##
.......#
##....##.§§#..P.#
.......##
###..P#.§##...##
........## ##.....######
........≈# ##(#..##
........≈## ####@...#
..##...§§≈##≈≈##...##
.≈≈≈#...§§#≈§≈##....#
§..≈≈...§≈§§# #....#
###.≈§§§.≈≈≈# #..####
.(##≈§....≈§## #.....## .
#§§≈..§§≈8###...†..#
#≈≈≈.†..≈###.......#
#≈≈≈...≈≈8##......(##


You could see Nessos.

Vanquished Creatures
  Kirke (Lair:5)
  A frost giant (IceCv)
  Josephine (Lair:6)
  Erica (D:9)
  4 hydras
  A catoblepas (Lair:5)
  15 death yaks (Lair:6)
  Sonja (Lair:6)
  Nergalle (Lair:4)
  A fire crab (Lair:6)
  5 black mambas
  3 molten gargoyles (Lair:6)
  9 spiny frogs
  3 rime drakes
  A centaur skeleton (D:10)
  8 komodo dragons
  14 polar bears (IceCv)
  6 blink frogs
  11 dream sheep (Lair:6)
  12 hippogriffs
  5 wraiths
  A wyvern (Lair:6)
  51 yaks
  8 basilisks
  6 hogs (Lair:5)
  2 hungry ghosts
  A steam dragon (Lair:6)
  3 nagas (Lair:3)
  10 water moccasins
  3 hell hounds (Lair:6)
  2 porcupines
  2 sky beasts
  An ice beast (D:10)
  4 black bears
  3 necrophages (D:7)
  3 ogres
  6 orc warriors
  A phantom (D:5)
  An eye of draining (D:9)
  13 wolves (IceCv)
  6 centaurs
  14 crocodiles
  Blork the orc (D:6)
  3 gnoll sergeants (D:6)
  11 bullfrogs
  2 elf skeletons (D:7)
  A scorpion (D:7)
  10 killer bees (D:10)
  3 wights (D:10)
  4 crimson imps
  A howler monkey (D:9)
  2 centaur zombies (Ossuary)
  3 lava snakes (Lair:6)
  3 jellies
  4 human zombies
  7 orc priests
  7 orc wizards
  A bullfrog skeleton (D:5)
  3 iguanas
  Jessica (D:3)
  5 worker ants
  7 mummies
  17 adders
  3 gnolls (D:3)
  4 shadow imps
  12 white imps (Lair:1)
  2 oozes
  An adder zombie (D:7)
  6 worms
  4 leopard geckos
  31 orcs
  8 bats
  A giant cockroach (D:3)
  8 goblins
  8 hobgoblins
  9 jackals
  8 kobolds
  6 quokkas
  7 ball pythons
  A frilled lizard (D:3)
  A gnoll zombie (Ossuary)
  3 hobgoblin zombies (Ossuary)
  A kobold zombie (Ossuary)
  3 orc zombies (D:7)
  A quokka skeleton (D:5)
  12 rats
  4 fungi
  4 plants
489 creatures vanquished.

Vanquished Creatures (others)
  A polar bear (IceCv)
  13 fungi
  5 plants
19 creatures vanquished.

Grand Total: 508 creatures vanquished

Notes
Turn   | Place    | Note
-------+----------+-------------------------------------------
     0 | D:1      | brandon the Deep Elf Fire Elementalist began the quest for
                  | the Orb.
     0 | D:1      | Reached XP level 1. HP: 10/10 MP: 6/6
     6 | D:1      | Noticed a swamp drake
     6 | D:1      | Noticed a redback
     7 | D:1      | Noticed a crocodile
     7 | D:1      | Noticed a polar bear
   128 | D:1      | Reached XP level 2. HP: 15/15 MP: 4/8
   132 | D:1      | Learned a level 2 spell: Throw Flame
  1069 | D:2      | Reached XP level 3. HP: 20/20 MP: 7/10
  1074 | D:2      | Learned a level 3 spell: Conjure Flame
  1143 | D:2      | Reached skill level 4 in Spellcasting
  1230 | D:2      | Reached skill level 1 in Fighting
  1645 | D:2      | Reached XP level 4. HP: 25/25 MP: 4/12
  1654 | D:2      | Learned a level 4 spell: Sticky Flame
  2400 | D:3      | Reached skill level 5 in Spellcasting
  2400 | D:3      | Reached XP level 5. HP: 27/29 MP: 3/14
  2868 | D:3      | Noticed Jessica
  2871 | D:3      | Killed Jessica
  3051 | D:3      | Learned a level 5 spell: Fireball
  3567 | D:4      | Found Utul's Jewellery Shop.
  3569 | D:4      | Found Majopit's Weapon Shop.
  3570 | D:4      | Found Xaatall's Distillery.
  3571 | D:4      | Found Ryciatua's Weapon Shop.
  3578 | D:4      | Reached XP level 6. HP: 35/35 MP: 7/16
  3639 | D:4      | Bought a potion of heal wounds for 50 gold pieces
  3639 | D:4      | Bought a potion of lignification for 30 gold pieces
  3639 | D:4      | Bought a potion of degeneration for 10 gold pieces
  3639 | D:4      | Bought a potion of flight for 30 gold pieces
  4024 | D:5      | Entered Level 5 of the Dungeon
  4208 | D:5      | Got a ripped robe
  4219 | D:5      | Identified the cursed +0 robe of Ygagusub {Str+5 Dex+4
                  | Slay-4} (You found it on level 5 of the Dungeon)
  4293 | D:5      | Reached skill level 6 in Spellcasting
  4732 | D:5      | Reached XP level 7. HP: 40/40 MP: 14/18
  5168 | D:6      | Reached skill level 5 in Fire Magic
  5371 | D:6      | Noticed Blork the orc
  5416 | D:6      | Found a sand-covered staircase.
  5421 | Ossuary  | Entered an ossuary
  5975 | Ossuary  | Reached skill level 5 in Conjurations
  6182 | D:6      | Killed Blork the orc
  6311 | D:6      | Reached skill level 7 in Spellcasting
  6311 | D:6      | Reached skill level 1 in Evocations
  6606 | D:6      | Reached XP level 8. HP: 46/46 MP: 17/20
  7243 | D:7      | Found a transporter.
  7249 | D:7      | Found a staircase to the Ecumenical Temple.
  7263 | Temple   | Entered the Ecumenical Temple
  7297 | Temple   | Became a worshipper of Vehumet
  7628 | D:7      | Reached skill level 8 in Spellcasting
  7784 | D:7      | Found a transporter.
  7946 | D:7      | Got a crude hand axe
  7955 | D:7      | Identified the cursed +3 hand axe of Precise Incision
                  | {pain, +Fly rF+ Int+7} (You found it on level 7 of the
                  | Dungeon)
  8244 | D:7      | Noticed SaintRoka's ghost (novice GnIE)
  8328 | D:7      | Found an ancient bone altar of Kikubaaqudgha.
  8333 | D:7      | Reached XP level 9. HP: 52/52 MP: 17/23
  9180 | D:8      | Found a blossoming altar of Fedhas.
  9620 | D:8      | Reached * piety under Vehumet
  9620 | D:8      | Offered knowledge of Freeze by Vehumet.
  9794 | D:8      | Reached skill level 9 in Spellcasting
 10183 | D:8      | Reached skill level 5 in Evocations
 10498 | D:9      | Reached skill level 5 in Fighting
 10717 | D:9      | Reached XP level 10. HP: 54/58 MP: 8/25
 10995 | D:9      | Gained mutation: Your mind is acute. (Int +2) [potion of
                  | mutation]
 10995 | D:9      | Gained mutation: Your natural rate of healing is unusually
                  | fast. [potion of mutation]
 10995 | D:9      | Gained mutation: You are clumsy. (Dex -2) [potion of
                  | mutation]
 10995 | D:9      | Gained mutation: Your mind is very acute. (Int +4) [potion
                  | of mutation]
 11230 | D:9      | Noticed Erica
 11560 | D:9      | Killed Erica
 11743 | D:9      | Reached skill level 10 in Spellcasting
 11748 | D:9      | Offered knowledge of Sandblast by Vehumet.
 11752 | D:9      | Reached ** piety under Vehumet
 12057 | D:10     | Entered Level 10 of the Dungeon
 12443 | D:10     | Offered knowledge of Static Discharge by Vehumet.
 12703 | D:10     | Reached *** piety under Vehumet
 12703 | D:10     | Reached XP level 11. HP: 63/63 MP: 20/27
 12805 | D:11     | Found a staircase to the Lair.
 12817 | D:10     | Reached skill level 11 in Spellcasting
 13294 | D:10     | Offered knowledge of Airstrike by Vehumet.
 13427 | Lair:1   | Entered Level 1 of the Lair of Beasts
 13536 | Lair:1   | Noticed a six-headed hydra
 13948 | Lair:1   | Reached skill level 10 in Conjurations
 13991 | Lair:1   | Found a frozen archway.
 14002 | Lair:1   | Reached **** piety under Vehumet
 14007 | IceCv    | Entered an ice cave
 14472 | IceCv    | Offered knowledge of Venom Bolt by Vehumet.
 14476 | IceCv    | Reached skill level 10 in Fire Magic
 14662 | IceCv    | Reached skill level 12 in Spellcasting
 14823 | IceCv    | Reached XP level 12. HP: 71/71 MP: 30/30
 14955 | IceCv    | Noticed a frost giant
 14968 | IceCv    | Killed a frost giant
 15227 | IceCv    | Got a distressingly furry robe
 15232 | IceCv    | Identified Ozului Roqof's Volume of the Frostbite and
                  | Moulding
 15247 | IceCv    | Identified the +2 robe of Hedonism {MR- rCorr Int+2 Stlth+}
                  | (You found it in an ice cave)
 15264 | IceCv    | Identified a scroll of acquirement
 15266 | IceCv    | Got a vibrating bronze amulet
 15267 | IceCv    | Identified the amulet of Catam {Faith rElec Str+2} (You
                  | acquired it in an ice cave)
 15441 | Lair:1   | Found a runed door.
 15443 | Lair:1   | Found a shimmering altar of Xom.
 15443 | Lair:1   | Noticed brandon's ghost (novice DEFE)
 15594 | Lair:2   | Found a staircase to the Shoals.
 15772 | Lair:2   | Reached ***** piety under Vehumet
 16157 | Lair:2   | Learned a level 6 spell: Bolt of Cold
 16164 | Lair:2   | Learned a level 6 spell: Freezing Cloud
 16171 | Lair:2   | Learned a level 6 spell: Ozocubu's Refrigeration
 16451 | Lair:3   | Reached skill level 1 in Ice Magic
 16692 | Lair:3   | Offered knowledge of Bolt of Draining by Vehumet.
 16756 | Lair:3   | Reached skill level 13 in Spellcasting
 16772 | Lair:3   | Found a staircase to the Snake Pit.
 17342 | Lair:4   | Noticed Nergalle
 17347 | Lair:4   | Killed Nergalle
 18231 | Lair:5   | Reached XP level 13. HP: 24/78 MP: 32/32
 18324 | Lair:5   | Noticed Kirke
 18764 | Lair:5   | Reached skill level 5 in Ice Magic
 18767 | Lair:5   | Killed Kirke
 19543 | Lair:6   | Entered Level 6 of the Lair of Beasts
 19988 | Lair:6   | Reached skill level 14 in Spellcasting
 19992 | Lair:6   | Noticed Josephine
 19998 | Lair:6   | Noticed Nessos
 19999 | Lair:6   | Noticed Sonja
 20141 | Lair:6   | Found a viscous altar of Jiyva.
 20141 | Lair:6   | Found a staircase to the Slime Pits.
 20158 | Lair:6   | Reached skill level 5 in Dodging
 20665 | Lair:6   | Killed Josephine
 20812 | Lair:6   | Offered knowledge of Conjure Ball Lightning by Vehumet.
 21088 | Lair:6   | Reached XP level 14. HP: 86/86 MP: 24/34
 21432 | Lair:6   | Paralysed by Sonja for 4 turns
 21438 | Lair:6   | Paralysed by Sonja for 3 turns
 21528 | Lair:6   | Killed Sonja
 21528 | Lair:6   | Reached skill level 1 in Armour
 21796 | Lair:6   | Reached skill level 15 in Spellcasting
 22350 | Lair:6   | Shot with an arrow by Nessos

Skill      XL: |  1  2  3  4  5  6  7  8  9 10 11 12 13 14 |
---------------+-------------------------------------------+-----
Spellcasting   | 4 5 6 7 8 9 10 12 13 14 15 | 15.1
Fighting       | 1 2 3 4 5 6 7 8 9 |  9.3
Conjurations   | 2 3 4 5 6 7 8 11 12 13 14 | 14.0
Fire Magic     | 4 5 6 7 9 10 | 10.9
Evocations     | 1 3 5 7 |  7.4
Ice Magic      | 4 7 8 |  8.7
Dodging        | 5 |  5.4
Armour         | 1 |  1.8
Stealth        | |  2.4

Action                   |  1- 3 |  4- 6 |  7- 9 | 10-12 | 13-15 || total
-------------------------+-------+-------+-------+-------+-------++-------
Melee: Dagger            |     7 |     5 |    24 |       |       ||    36
       Hand axe          |       |       |   135 |   125 |    10 ||   270
 Cast: Flame Tongue      |    61 |    87 |    96 |   192 |    39 ||   475
       Throw Flame       |    11 |    16 |    62 |    37 |    14 ||   140
       Sticky Flame      |       |    11 |    64 |    84 |    27 ||   186
       Conjure Flame     |       |     1 |     3 |    12 |       ||    16
       Fireball          |       |       |    20 |    94 |    26 ||   140
       Freezing Cloud    |       |       |       |     4 |    38 ||    42
       Bolt of Cold      |       |       |       |       |    66 ||    66
       Ozocubu's Refrige |       |       |       |       |     6 ||     6
Evoke: Wand              |       |       |     2 |     1 |       ||     3
       Phial of floods   |       |       |       |     1 |     1 ||     2
  Use: Scroll            |       |    11 |     4 |    15 |     9 ||    39
       Potion            |       |       |       |     1 |     1 ||     2
 Stab: Sleeping          |       |       |     1 |       |       ||     1
  Eat: Chunk             |     2 |    11 |    17 |    21 |     9 ||    60
       Ration            |       |       |     3 |     1 |     2 ||     6
Armor: Robe              |     7 |     6 |    45 |    49 |    10 ||   117
Dodge: Dodged            |    27 |    18 |   134 |   150 |    44 ||   373
